Map: Tropical Sacrifice

Players

MrCheese

  • Race: Protoss Protoss
  • League: Bronze
  • Spawn Location: 7:00

terrrz - Winner!

  • Race: Terran Terran
  • Spawn Location: 1:00

VOD

Have the link to the VOD?

Description

Time

  • Played on: Aug. 3, 2022, 1:28 a.m.
  • Length: 10:30
Show
View Real Time Build Order
Export as new Build Order

MrCheese Protoss 

Build Orders:  

Get SALT Encoding   

  12  0:13  Pylon  
  12  0:15  Probe (Chrono Boost)  
  13  0:34  Forge  
  13  1:02  Probe (Chrono Boost)  
  14  1:07  Gateway  
  15  1:11  Assimilator  
  15  1:13  Probe (Chrono Boost)  
  15  1:17  Assimilator  
  15  1:51  Probe  
  16  1:57  Cybernetics Core  
  16  2:03  Probe (Chrono Boost)  
  16  2:15  Probe (Chrono Boost)  
  17  2:21  Probe (Chrono Boost)  
  18  2:29  Probe  
  19  2:31  Nexus  
  19  2:33  Warp Gate  
  19  2:39  Pylon  
  19  2:41  Probe  
  20  2:52  Pylon  
  20  2:53  Gateway  
  20  2:56  Probe  
  21  3:08  Probe (Chrono Boost)  
  22  3:19  Probe (Chrono Boost)  
  23  3:32  Gateway  
  23  3:33  Gateway, Probe  
  24  3:43  Shield Battery  
  24  3:45  Probe (Chrono Boost)  
  26  3:56  Probe (Chrono Boost)  
  26  4:00  Probe (Chrono Boost)  
  27  4:04  Robotics Facility  
  28  4:11  Probe (Chrono Boost)  
  28  4:12  Probe (Chrono Boost)  
  29  4:23  Probe (Chrono Boost)  
  31  4:25  Probe (Chrono Boost)  
  31  4:27  Probe (Chrono Boost)  
  31  4:29  Assimilator  
  32  4:33  Probe, Assimilator  
  32  4:37  Probe  
  35  4:45  Probe  
  35  4:50  Probe  
  36  4:57  Probe  
  37  5:02  Probe  
  37  5:06  Robotics Bay  
  37  5:11  Stargate  
  37  5:14  Probe  
  38  5:25  Pylon  
  38  5:26  Probe (Chrono Boost)  
  38  5:27  Pylon  
  39  5:33  Probe (Chrono Boost)  
  41  5:37  Probe (Chrono Boost)  
  41  5:40  Probe (Chrono Boost)  
  42  5:43  Probe (Chrono Boost)  
  42  5:45  Probe (Chrono Boost), Stargate  
  44  5:50  Stargate  
  44  5:51  Protoss Air Weapons Level 1  
  44  5:57  Stalker x2  
  44  5:58  Stalker  
  44  5:59  Stalker  
  48  6:22  Stalker  
  48  6:24  Photon Cannon  
  49  6:26  Photon Cannon  
  49  6:27  Photon Cannon  
  49  6:44  Oracle x3  
  58  6:57  Probe  
  59  7:10  Probe  
  60  7:20  Probe  
  61  7:37  Void Ray x2  
  69  7:42  Pylon  
  69  7:44  Pylon  
  69  7:45  Nexus  
  69  7:48  Pylon  
  69  7:50  Pylon  
  69  7:51  Pylon  
  73  8:05  Void Ray  
  73  8:32  Stalker x4  
  64  9:11  Photon Cannon x2  
  64  9:13  Photon Cannon  
  48  9:46  Stalker x2  
Show
View Real Time Build Order
Export as new Build Order

terrrz Terran - Winner!

Build Orders:  

Get SALT Encoding   

  12  0:01  SCV  
  13  0:17  Supply Depot  
  13  0:18  SCV  
  14  0:30  SCV  
  15  0:40  Refinery  
  16  0:42  SCV  
  16  0:57  Barracks  
  16  0:58  SCV  
  17  1:10  SCV  
  18  1:22  SCV  
  19  1:46  Supply Depot, Marine  
  20  1:49  Orbital Command  
  20  2:11  Marine  
  20  2:12  Factory  
  21  2:16  SCV  
  22  2:31  Command Center  
  22  2:35  Barracks Reactor  
  23  2:37  SCV  
  23  2:44  Refinery  
  23  2:50  SCV  
  24  2:56  Factory Tech Lab  
  24  3:02  SCV  
  25  3:13  Marine x2  
  25  3:15  SCV  
  25  3:17  Siege Tank  
  31  3:32  Supply Depot  
  31  3:34  Supply Depot  
  31  3:43  SCV, Marine  
  31  3:44  Marine  
  34  3:49  Orbital Command  
  34  3:55  SCV  
  35  3:57  Starport  
  35  4:04  Siege Tank  
  35  4:05  Marine  
  35  4:06  Marine  
  35  4:07  SCV  
  41  4:11  Supply Depot  
  41  4:16  Supply Depot  
  41  4:25  Marine  
  41  4:26  Marine  
  43  4:35  SCV x2  
  43  4:36  Siege Tank  
  48  4:43  Supply Depot  
  48  4:45  Marine x2  
  50  4:47  Liberator  
  50  4:50  SCV  
  50  4:52  SCV  
  55  5:02  Marine x2  
  55  5:06  SCV  
  58  5:12  Siege Tank  
  61  5:24  SCV  
  62  5:28  Engineering Bay  
  62  5:56  Marine x2  
  64  5:58  Siege Tank  
  66  6:09  Missile Turret  
  66  6:16  Liberator  
  69  6:23  Barracks  
  69  6:25  Supply Depot, Barracks  
  69  6:27  Marine x2  
  69  6:30  Siege Tank  
  74  6:35  Missile Turret  
  71  6:49  Supply Depot  
  71  6:50  Marine x2  
  73  7:13  Supply Depot  
  73  7:19  Supply Depot  
  73  7:28  Barracks Reactor, Barracks Tech Lab  
  73  7:31  Siege Tank  
  76  7:39  Supply Depot  
  76  7:43  Supply Depot  
  76  7:45  Marine x2  
  76  7:46  Marine  
  76  7:50  SCV  
  80  8:03  Siege Tank, Supply Depot, Marine x2  
  79  8:06  Refinery  
  68  8:21  Marine x2  
  70  8:30  Viking  
  72  8:38  Marine  
  69  8:59  Marine x4, Marauder  
  75  9:17  Marine x4  
  75  9:21  Marauder  
  76  9:35  Marine x4  
  80  9:41  Marine  
Tags
 
Add a new tag
Caveats
  • Supply blocks, unpowered buildings, or Contaminate may cause inaccurate times.
  • Supply counts are checked every 10 seconds.